 Dungeon Crawl Stone Soup version 0.29-a0-330-g52719c12eb (webtiles) character file.

Game seed: 4304328757265444353

3022 kae the Firebug (level 9, 0/72 HPs)
             Began as a Demigod Fire Elementalist on Apr 23, 2022.
             Engulfed by a cloud of flame (19 damage)
             ... on level 7 of the Dungeon.
             The game lasted 00:05:56 (8919 turns).

kae the Firebug (Demigod Fire Elementalist)         Turns: 8919, Time: 00:05:56

Health: 0/72       AC:  8    Str:  9    XL:     9   Next: 30%
Magic:  6/22       EV: 16    Int: 29    God:
Gold:   322        SH:  0    Dex: 14    Spells: 7/20 levels left

rFire   . . .      SeeInvis .   d - +1 dagger (freeze)
rCold   . . .      Faith    .   (no shield)
rNeg    . . .      Spirit   .   (no body armour)
rPois   .          Reflect  .   (no helmet)
rElec   .          Harm     .   n - +0 cloak
rCorr   .          Rampage  .   e - +2 pair of gloves
Will    .....                   (no boots)
Stlth   ++........              (no amulet)
HPRegen 0.22/turn               j - +4 ring of evasion
MPRegen 0.18/turn               q - +4 ring of protection

@: no status effects
A: high MP 1, forlorn, divine attributes
a: no special abilities


You were on level 7 of the Dungeon.
You visited 1 branch of the dungeon, and saw 7 of its levels.

You collected 410 gold pieces.
You spent 88 gold pieces at shops.

Inventory:

Hand Weapons
 d - a +1 dagger of freezing (weapon)
Missiles
 A - a throwing net
Armour
 a - a +0 robe
 e - a +2 pair of gloves (worn)
 n - a +0 cloak (worn)
 t - +0 steam dragon scales
Jewellery
 j - a +4 ring of evasion (left hand)
 q - a +4 ring of protection (right hand)
 y - a ring of resist corrosion
Wands
 i - a wand of charming (7)
 o - a wand of flame (38)
 u - a wand of polymorph (14)
 x - a wand of digging (3)
Scrolls
 h - a scroll of noise
 v - a scroll of magic mapping
Potions
 b - 3 potions of magic
 c - 6 potions of degeneration
 f - 2 potions of attraction
 g - a potion of resistance
 k - 5 potions of heal wounds
 l - 3 potions of curing
 m - 4 potions of berserk rage
 p - 2 potions of flight
 r - a potion of haste
 s - a potion of might {unknown}
 w - 2 potions of lignification {unknown}
 z - a potion of invisibility {unknown}


   Skills:
 + Level 4.3 Fighting
 - Level 1.7 Dodging
 - Level 1.7 Stealth
 - Level 6.2 Spellcasting
 - Level 6.5 Conjurations
 - Level 7.1 Fire Magic


You had 7 spell levels left.
You knew the following spells:

 Your Spells              Type           Power      Damage    Failure   Level
a - Foxfire               Conj/Fire      100%       2x1d9     1%          1
b - Scorch                Fire           100%       2d10      1%          2
c - Conjure Flame         Conj/Fire      48%        6-21      1%          3
d - Inner Flame           Hex/Fire       29%        N/A       3%          3
e - Flame Wave            Conj/Fire      48%        2d10      3%          4

Your spell library contained the following spells:

 Spells                   Type           Power      Damage    Failure   Level


Dungeon Overview and Level Annotations

Branches:
Dungeon (7/15)             Temple (0/1) D:4

Shops:
D:3 *   D:6 *

Annotations:
D:2 Terence
D:6 Dowan


Innate Abilities, Weirdness & Mutations

You have an increased reservoir of magic. (+10% MP)
You shall have no god before yourself.
Your divine heritage dramatically boosts your attributes as you level up.


Message History

The killer bee buzzes angrily.
You start putting on your armour.
You continue putting on your +0 steam dragon scales. x2
Keep equipping yourself? [Y]es or [N]o only, please.
Keep equipping yourself?
You stop putting on your armour.
Okay, then.
The killer bee misses you. The killer bee closely misses you.
The killer bee attacks as you move away!
The killer bee stings you.
You are poisoned.
The killer bee poisons you!
You feel sick. The killer bee closely misses you.
You feel sick. The killer bee stings you.
You feel sick. The killer bee barely misses you.
The killer bee attacks as you move away!
The killer bee misses you.
You feel sick. The killer bee closely misses you.
Casting: Scorch (safe; 1% risk of failure)
Confirm with . or Enter, or press ? or * to list all spells.
Flames lash the killer bee.
The killer bee is heavily wounded.
The killer bee's fire resistance burns away.
You feel sick. The killer bee barely misses you. The killer bee stings you.
* * * LOW HITPOINT WARNING * * *
You feel sick.
You are no longer poisoned.
The killer bee completely misses you. The killer bee barely misses you.
Casting: Scorch (safe; 1% risk of failure)
Confirm with . or Enter, or press ? or * to list all spells.
Flames lash the killer bee.
The killer bee is burned terribly!
You kill the killer bee!
You hear an angry buzzing noise.
Casting: Scorch (safe; 1% risk of failure)
Confirm with . or Enter, or press ? or * to list all spells.
The fire begins to smoulder!
Casting: Conjure Flame (safe; 1% risk of failure)
Confirm with . or Enter, or press ? or * to list all spells.
The fire ignites!
You are engulfed in blazing flames.
You die...

#.#.# . #.#.# ..
###+######.#.##+#...
#..........#†......#
#......y...†)......#
#.........###.......
#...†.....# #.....##
###y##...## #.....#
#@##...# #.....#
##########.#########..?..#
#<.........#...........#+#
##########.........#....
#.........#.....
#.........# #.........#
#.........# #.........#


You could see a killer bee.

Vanquished Creatures
  Pikel (D:6)
  Grinder (D:6)
  Prince Ribbit (D:6)
  2 steam dragons (D:7)
  2 water moccasins
  4 sky beasts
  A black bear (D:6)
  3 ogres
  A lemure (D:6)
  2 bullfrogs (D:7)
  Blork the orc (D:5)
  A necrophage (D:6)
  2 scorpions (D:6)
  A killer bee (D:7)
  A howler monkey (D:5)
  A jelly (D:6)
  A gnoll shaman (D:6)
  3 iguanas
  4 orc wizards
  Ijyb (D:3)
  9 adders
  18 gnolls
  A shadow imp (D:6)
  An ufetubus (D:6)
  4 worms
  2 dart slugs
  12 orcs
  3 bats (D:1)
  8 endoplasms
  2 giant cockroaches
  11 goblins
  6 hobgoblins
  10 kobolds
  3 quokkas
  7 ball pythons
  5 frilled lizards
  3 rats
139 creatures vanquished.

Vanquished Creatures (collateral kills)
  2 gnolls (D:6)
  36 foxfires (D:6)
38 creatures vanquished.

Vanquished Creatures (others)
  480 foxfires
  25 plants (D:6)
505 creatures vanquished.

Grand Total: 682 creatures vanquished

Notes
Turn   | Place    | Note
-------+----------+-------------------------------------------
     0 | D:1      | kae the Demigod Fire Elementalist began the quest for the
                  | Orb.
     0 | D:1      | Reached XP level 1. HP: 14/14 MP: 5/5
    95 | D:1      | Reached skill level 1 in Conjurations
   360 | D:1      | Reached XP level 2. HP: 20/20 MP: 5/7
   454 | D:1      | Reached skill level 3 in Fire Magic
  1022 | D:1      | Reached XP level 3. HP: 26/26 MP: 7/9
  1507 | D:2      | Learned a level 2 spell: Scorch
  1511 | D:2      | Learned a level 3 spell: Conjure Flame
  1692 | D:2      | Noticed Terence
  2090 | D:2      | You fall into a shaft and drop 2 floors!
  2339 | D:4      | Reached XP level 4. HP: 29/33 MP: 3/10
  2456 | D:4      | Found a staircase to the Ecumenical Temple.
  2729 | D:3      | Noticed an ogre
  2736 | D:3      | Killed an ogre
  2737 | D:3      | Reached skill level 4 in Fire Magic
  2737 | D:3      | Reached XP level 5. HP: 38/38 MP: 4/12
  3090 | D:3      | Noticed Ijyb
  3823 | D:3      | Found Otar's General Store.
  3933 | D:3      | Bought a potion of curing for 33 gold pieces
  3933 | D:3      | Bought a potion of heal wounds for 55 gold pieces
  3992 | D:3      | Killed Ijyb
  4174 | D:3      | Reached XP level 6. HP: 45/45 MP: 10/14
  4178 | D:3      | Learned a level 3 spell: Inner Flame
  5092 | D:5      | Entered Level 5 of the Dungeon
  5469 | D:5      | Noticed Blork the orc
  5479 | D:5      | Killed Blork the orc
  5480 | D:5      | Reached XP level 7. HP: 34/50 MP: 8/16
  5488 | D:5      | Reached skill level 5 in Fire Magic
  6490 | D:5      | Learned a level 4 spell: Flame Wave
  6816 | D:6      | Noticed Dowan
  6880 | D:6      | Reached skill level 5 in Conjurations
  7158 | D:6      | Reached skill level 5 in Spellcasting
  7177 | D:6      | Reached XP level 8. HP: 46/57 MP: 9/19
  7320 | D:6      | Noticed Prince Ribbit
  7347 | D:6      | Reached skill level 6 in Fire Magic
  7358 | D:6      | Killed Prince Ribbit
  7801 | D:6      | Noticed Grinder
  7810 | D:6      | Killed Grinder
  7893 | D:6      | Found Rainuklo's Elemental Accessories.
  7913 | D:6      | Noticed Pikel
  7927 | D:6      | Killed Pikel
  7928 | D:6      | Reached skill level 7 in Fire Magic
  8283 | D:6      | Reached XP level 9. HP: 62/62 MP: 16/22
  8774 | D:7      | Reached skill level 1 in Fighting
  8919 | D:7      | Engulfed by a cloud of flame

Illustrated notes

Levels and vault maps discovered:
D:1:      minmay_arrival_stair_chambers, layout_rooms
D:2:      layout_loops_corners, shapermc_ecumenical_altar_petra, uniq_terence
D:3:      minmay_evil_eye, layout_basic, serial_shops, shop, dk_noncrumbling_3,
          uniq_ijyb
D:4:      layout_gridville, minmay_temple_entry_grid, minmay_misc_feat_square
D:5:      layout_loops_ring, uniq_blork_the_orc
D:6:      black_bear_nest_1, layout_basic, vehumet_altar_wand_db,
          serial_bayou_lagoon_a, nicolae_elemental_shop,
          grunt_decor_mini_mirrors, uniq_grinder, uniq_duvessa, uniq_pikel,
          uniq_prince_ribbit1
D:7:      nzn_winding_woodlands_cross
          [nzn_winding_woodlands_5x15_river_crossing,
          nzn_winding_woodlands_5x15_sawtooth, nzn_winding_woodlands_5x15_twine,
          nzn_winding_woodlands_5x15_zeroes,
          nzn_winding_woodlands_15x15_five_gardens], layout_basic

Skill      XL: |  1  2  3  4  5  6  7  8  9 |
---------------+----------------------------+-----
Conjurations   | 1 2 3 4 5 6 |  6.5
Spellcasting   | 2 3 4 5 6 |  6.2
Fire Magic     | 3 4 5 7 |  7.1
Fighting       | 4 |  4.3
Dodging        | |  1.7
Stealth        | |  1.7

Action                   |  1- 3 |  4- 6 |  7- 9 || total
-------------------------+-------+-------+-------++-------
Melee: Unarmed           |     9 |       |       ||     9
       Dagger            |    11 |     3 |       ||    14
 Cast: Foxfire           |    82 |   111 |   113 ||   306
       Scorch            |     2 |    20 |    48 ||    70
       Conjure Flame     |       |     1 |     8 ||     9
Evoke: Wand              |       |       |     2 ||     2
  Use: Scroll            |     5 |     9 |     4 ||    18
 Stab: Sleeping          |     1 |       |       ||     1
Armor: Robe              |     4 |     9 |    20 ||    33
       Skin              |       |       |     6 ||     6
Dodge: Dodged            |    38 |    34 |    62 ||   134

Table legend: (Time is in decaauts)
 A = Elapsed time spent in this place.
 B = Non-inter-level travel time spent in this place.
 C = Inter-level travel time spent in this place.
 D = Time resting spent in this place.
 E = Time spent auto-exploring this place.
 F = Levels seen in this place.
 G = Mean time per level.
                   A        B        C        D        E       F      G
               +--------+--------+--------+--------+--------+-----+--------+
         Total |   8937 |   8684 |    253 |    516 |   6847 |   7 | 1276.7 |
       Dungeon |   8937 |   8684 |    253 |    516 |   6847 |   7 | 1276.7 |
               +--------+--------+--------+--------+--------+-----+--------+

Top non-repeatable levels by time:
     D:6: 2219 daAuts
     D:2: 1692 daAuts
     D:3: 1412 daAuts
     D:5: 1411 daAuts
     D:1: 1084 daAuts
     D:4: 903 daAuts
     D:7: 214 daAuts
